 Dungeon Crawl Stone Soup version 0.29.1-15-g9cfb28693d (webtiles) character file.

Game seed: 11242532044230610976

865 ThatPearl the Stinger (level 7, -4/54 HPs)
             Began as a Demonspawn Venom Mage on Mar 12, 2023.
             Killed from afar by an acid dragon (24 damage)
             ... with a splash of acid
             ... on level 5 of the Dungeon.
             The game lasted 00:12:06 (5826 turns).

ThatPearl the Stinger (Demonspawn Venom Mage)       Turns: 5826, Time: 00:12:07

Health: -4/54      AC:  3    Str:  8    XL:     7   Next: 72%
Magic:  9/13       EV: 12    Int: 19    God:
Gold:   171        SH:  0    Dex: 13    Spells: 7/15 levels left

rFire   . . .      SeeInvis .   s - +0 short sword (flame)
rCold   . . .      Faith    +   (no shield)
rNeg    + . .      Spirit   .   a - +0 robe
rPois   .          Reflect  .   (helmet restricted)
rElec   .          Harm     .   (no cloak)
rCorr   .          Rampage  .   (no gloves)
Will    .....                   w - +0 pair of boots
Stlth   ++........              o - amulet "Syinnipn" {Faith rN+}
HPRegen 0.18/turn               (no ring)
MPRegen 0.13/turn               (no ring)

@: no status effects
A: antennae 1, powered by pain 1, spiny 2
a: no special abilities


You were on level 5 of the Dungeon.
You visited 1 branch of the dungeon, and saw 5 of its levels.

You collected 171 gold pieces.

Inventory:

Hand Weapons
 s - a +0 short sword of flaming (weapon)
Missiles
 n - 17 poisoned darts
 v - 5 boomerangs
Armour
 a - a +0 robe (worn)
 q - a +0 helmet
 w - a +0 pair of boots (worn)
Jewellery
 o - the amulet "Syinnipn" (around neck) {Faith rN+}
   (You found it on level 2 of the Dungeon)

   [amulet of faith]

   It allows you to gain divine favour quickly.
   rN:        It protects you from negative energy.
Wands
 u - a wand of roots (5)
Scrolls
 c - 2 scrolls of teleportation {unknown}
 d - 11 scrolls of identify {unknown}
 e - a scroll of fear {unknown}
 i - a scroll of enchant weapon {unknown}
 j - 2 scrolls of amnesia {unknown}
 k - a scroll of immolation {unknown}
 l - 2 scrolls of poison {unknown}
Potions
 b - 2 potions of magic
 f - a potion of flight {unknown}
 g - 4 potions of curing {unknown}
 h - a potion of brilliance {unknown}
 m - a potion of might {unknown}
 p - 3 potions of mutation {unknown}
 r - 2 potions of attraction {unknown}
 t - 2 potions of heal wounds {unknown}


   Skills:
 + Level 4.2 Fighting
 - Level 1.7 Dodging
 - Level 1.7 Stealth
 + Level 4.5 Spellcasting
 + Level 3.8 Conjurations
 - Level 0.8 Transmutations
 + Level 5.3 Poison Magic


You had 7 spell levels left.
You knew the following spells:

 Your Spells              Type           Power      Damage    Failure   Level
a - Sting                 Tmut/Pois      64%        1d6       3%          1
c - Mephitic Cloud        Conj/Pois/Air  15%        N/A       11%         3
r - Olgreb's Toxic Radia  Pois           24%        N/A       14%         4

Your spell library contained the following spells:

 Spells                   Type           Power      Damage    Failure   Level
 Foxfire                  Conj/Fire      44%        2x1d6     6%          1
 Poisonous Vapours        Pois/Air       28%        N/A       7%          2
 Conjure Flame            Conj/Fire      11%        6-21      19%         3
 Inner Flame              Hex/Fire       4%         N/A       36%         3
 Flame Wave               Conj/Fire      11%        2d6       52%         4


Dungeon Overview and Level Annotations

Branches:
Dungeon (5/15)
 Temple: D:4-7

Altars:
Uskayaw

Annotations:
D:3 3 runed translucent doors, roninjake's ghost, amateur GnWn


Innate Abilities, Weirdness & Mutations

You have a pair of small antennae on your head.
You sometimes gain a little power by taking damage.
You are mostly covered in sharp spines.


Message History

The adder hisses angrily.
The acid dragon spits acid at you. The splash of acid hits you!
You focus on the pain.
You feel your power returning.
Aiming: Sting (safe; 3% risk of failure)
Press: ? - help, Q - select action, (/) - cycle Shift-Dir - straight line, f/p - acid dragon
Aim: an acid dragon (poisoned, catching its breath, 74% to hit)
The sting hits the acid dragon.
The acid dragon partially resists.
The acid dragon is lightly wounded.
The adder is struck by your spines. The adder bites you.
You see here 9 gold pieces.
The acid dragon attacks as you move away!
The acid dragon is struck by your spines.
The acid dragon bites you!
You focus on the pain.
You feel your power returning. The acid dragon barely misses you.
Aiming: Sting (safe; 3% risk of failure)
Press: ? - help, Q - select action, (/) - cycle Shift-Dir - straight line, f/p - acid dragon
Aim: an acid dragon (heavily wounded, poisoned, catching its breath, 74% to hit)
The sting hits the adder.
The adder is poisoned.
You kill the adder!
Aiming: Sting (safe; 3% risk of failure)
Press: ? - help, Q - select action, (/) - cycle Shift-Dir - straight line, f/p - acid dragon
Aim: an acid dragon (heavily wounded, poisoned, 74% to hit)
The sting misses the acid dragon.
The acid dragon is struck by your spines.
The acid dragon barely misses you. The acid dragon claws you.
Aiming: Sting (safe; 3% risk of failure)
Press: ? - help, Q - select action, (/) - cycle Shift-Dir - straight line, f/p - acid dragon
Aim: an acid dragon (severely wounded, poisoned, 74% to hit)
The sting misses the acid dragon.
The acid dragon barely misses you. x2
Unknown command.
Aiming: Sting (safe; 3% risk of failure)
Press: ? - help, Q - select action, (/) - cycle Shift-Dir - straight line, f/p - acid dragon
Aim: an acid dragon (severely wounded, poisoned, 74% to hit)
The sting hits the acid dragon.
The acid dragon looks even sicker.
The acid dragon is severely wounded.
The acid dragon spits acid at you. The splash of acid hits you!!
You die...

# ###### #....# #####
#....† #...# #..... +...#
#..... #...# #....#
#########...# #....#
#......D@...# #.....
#......##...# #.....
#.....$##...# #.....
#......##...# #.....
#########...# #....#
##......#....########....#
#.......##...##...........
#.......##...##...........
#.............#...........


You could see an acid dragon (very poisoned, catching breath).

Vanquished Creatures
  Sigmund (D:3)
  A water moccasin (D:4)
  A black bear (D:5)
  An ogre (D:5)
  A phantom (D:4)
  A necrophage (D:4)
  A howler monkey (D:5)
  A hound (D:4)
  Natasha (twice) (D:4)
  An iguana (D:5)
  Terence (D:3)
  4 adders
  3 worms
  4 dart slugs
  5 orcs
  12 ball pythons
  8 endoplasms
  4 giant cockroaches
  10 goblins
  A hobgoblin (D:1)
  2 jackals (D:3)
  6 kobolds
  4 quokkas
  7 bats
  A frilled lizard (D:2)
  2 rats
85 creatures vanquished.

Vanquished Creatures (others)
  4 toadstools (D:1)
4 creatures vanquished.

Grand Total: 89 creatures vanquished

Notes
Turn   | Place    | Note
-------+----------+-------------------------------------------
     0 | D:1      | ThatPearl the Demonspawn Venom Mage began the quest for the
                  | Orb.
     0 | D:1      | Reached XP level 1. HP: 13/13 MP: 3/3
   404 | D:1      | Gained mutation: You sometimes gain a little power by
                  | taking damage. [demonic ancestry]
   404 | D:1      | Reached XP level 2. HP: 16/20 MP: 0/5
   562 | D:1      | Reached skill level 1 in Fighting
  1132 | D:1      | Reached XP level 3. HP: 26/26 MP: 4/6
  1168 | D:1      | Learned a level 3 spell: Mephitic Cloud
  1998 | D:2      | Identified the amulet "Syinnipn" {Faith rN+}
  2249 | D:2      | Found a faded altar of an unknown god.
  2767 | D:3      | Gained mutation: You have a pair of small antennae on your
                  | head. [demonic ancestry]
  2767 | D:3      | Reached XP level 4. HP: 30/33 MP: 2/8
  2913 | D:3      | Reached skill level 1 in Conjurations
  2983 | D:3      | Noticed Sigmund
  3038 | D:3      | Killed Sigmund
  3039 | D:3      | Reached skill level 4 in Poison Magic
  3039 | D:3      | Gained mutation: You are partially covered in sharp spines.
                  | [demonic ancestry]
  3039 | D:3      | Reached XP level 5. HP: 21/39 MP: 0/10
  3379 | D:3      | Noticed roninjake's ghost (amateur GnWn)
  3386 | D:3      | Found a runed translucent gate.
  3386 | D:3      | Found a runed translucent gate.
  3388 | D:3      | Found a runed translucent gate.
  3579 | D:3      | Noticed Terence
  3583 | D:3      | Gained mutation: You are mostly covered in sharp spines.
                  | [demonic ancestry]
  3583 | D:3      | Reached XP level 6. HP: 42/46 MP: 8/11
  3594 | D:3      | Killed Terence
  3602 | D:3      | Learned a level 4 spell: Olgreb's Toxic Radiance
  3832 | D:3      | Found a hide-covered altar of Uskayaw.
  4212 | D:4      | Noticed a water moccasin
  4217 | D:4      | Killed a water moccasin
  4447 | D:4      | Noticed Natasha
  4451 | D:4      | Killed Natasha
  4824 | D:4      | Reached XP level 7. HP: 16/52 MP: 11/13
  5158 | D:4      | Noticed Natasha
  5166 | D:4      | Killed Natasha
  5339 | D:5      | Entered Level 5 of the Dungeon
  5344 | D:5      | Reached skill level 5 in Poison Magic
  5826 | D:5      | Killed from afar by an acid dragon

Illustrated notes

Levels and vault maps discovered:
D:1:      ldierk_water_garden, layout_loops_corners, nrook_loot_triangle
D:2:      layout_basic, dreamdust_ecumenical_altar_hidden_monk_grotto
D:3:      layout_basic, mainiacjoe_overflow_alcove_2, gammafunk_ghost_split,
          uniq_terence, uniq_sigmund
D:4:      layout_basic, uniq_natasha
D:5:      layout_gridville, minmay_temple_entry_fiery

Skill      XL: |  1  2  3  4  5  6  7 |
---------------+----------------------+-----
Fighting       | 1 2 3 4 |  4.2
Conjurations   | 2 3 |  3.8
Spellcasting   | 3 4 |  4.5
Poison Magic   | 4 5 |  5.3
Dodging        | |  1.7
Stealth        | |  1.7
Transmutations | |  0.8

Action                   |  1- 3 |  4- 6 |  7- 9 || total
-------------------------+-------+-------+-------++-------
Melee: Whip              |     8 |       |       ||     8
       Unarmed           |     1 |       |       ||     1
       Dagger            |    17 |     2 |       ||    19
       Short sword       |       |    30 |     4 ||    34
 Cast: Sting             |    82 |    59 |    41 ||   182
       Mephitic Cloud    |       |     1 |       ||     1
 Stab: Sleeping          |     2 |       |       ||     2
       Confused          |       |     1 |       ||     1
Armor: Robe              |    18 |     3 |     4 ||    25
Dodge: Dodged            |    39 |    29 |    15 ||    83
